 Dungeon Crawl Stone Soup version 0.29.1-1-gd02db6906a (webtiles) character file.

Game seed: 1860261872832049572

50 croobank the Caller (level 3, -1/15 HPs)
             Began as a Felid Summoner on Oct 5, 2022.
             Slain by a gnoll
             ... wielding a +0 flail
              (9 damage)
             ... on level 2 of the Dungeon.
             The game lasted 00:06:26 (1251 turns).

croobank the Caller (Felid Summoner)                Turns: 1251, Time: 00:06:26

Health: -1/15      AC:  5    Str:  4    XL:     3   Next: 55%
Magic:  1/7        EV: 18    Int: 18    God:
Gold:   58         SH:  0    Dex: 16    Spells: 3/6 levels left
                                        Lives:  0   Deaths: 0

rFire   . . .      SeeInvis +   (weapon unavailable)
rCold   . . .      Faith    .   (shield unavailable)
rNeg    . . .      Spirit   .   (body armour unavailable)
rPois   .          Reflect  .   (helmet unavailable)
rElec   .          Harm     .   (cloak unavailable)
rCorr   .          Rampage  .   (gloves unavailable)
Will    .....                   (boots unavailable)
Stlth   ++........              (no amulet)
HPRegen 0.05/turn               b - +4 ring of protection
MPRegen 0.10/turn               (no ring)

@: quick
A: very small, claws 1, fangs 3, see invisible, speed 1, shaggy fur 1, stealthy
paws, no weapons or thrown items, no armour, multi-lived
a: no special abilities


You were on level 2 of the Dungeon.
You visited 1 branch of the dungeon, and saw 2 of its levels.

You collected 58 gold pieces.

Inventory:

Jewellery
 b - a +4 ring of protection (left paw)
Scrolls
 g - a scroll of enchant weapon {unknown}
 h - 3 scrolls of identify {unknown}
 i - a scroll of enchant armour {unknown}
 j - a scroll of immolation {unknown}
Potions
 a - 2 potions of magic
 c - a potion of curing {unknown}
 d - a potion of invisibility {unknown}
 e - a potion of brilliance {unknown}
 f - a potion of berserk rage {unknown}


   Skills:
 + Level 1.0 Fighting
 + Level 3.4 Dodging
 - Level 3.0 Stealth
 + Level 0.9 Unarmed Combat
 + Level 2.4 Spellcasting
 + Level 4.3 Summonings


You had 3 spell levels left.
You knew the following spells:

 Your Spells              Type           Power      Damage    Failure   Level
a - Summon Small Mammal   Summ           68%        N/A       3%          1
b - Call Imp              Summ           17%        N/A       4%          2

Your spell library contained the following spells:

 Spells                   Type           Power      Damage    Failure   Level
 Call Canine Familiar     Summ           17%        N/A       9%          3
 Summon Guardian Golem    Hex/Summ       9%         N/A       22%         3
 Summon Lightning Spire   Summ/Air       9%         N/A       56%         4


Dungeon Overview and Level Annotations

Branches:
Dungeon (2/15)

Altars:


Innate Abilities, Weirdness & Mutations

You have sharp claws.
You have razor-sharp teeth.
You have supernaturally acute eyesight. (SInv)
You cover ground quickly. (Speed+)
You are covered in fur. (AC +1)
Your paws help you pounce on unaware monsters.
You are incapable of wielding weapons or throwing items.
You cannot wear armour.
You gain extra lives every three experience levels.


Message History

Attack!
Your quokka barely misses the gnoll.
The gnoll hits your quokka with a +0 flail.
Your quokka closely misses the gnoll.
The gnoll closely misses your quokka.
Your quokka barely misses the gnoll.
The gnoll barely misses your quokka.
Your quokka closely misses the gnoll.
The gnoll hits your quokka with a +0 flail!
Your quokka dies!
Your quokka's corpse disappears in a puff of smoke!
Casting: Summon Small Mammal (safe; 3% risk of failure)
Confirm with . or Enter, or press ? or * to list all spells.
The gnoll shouts!
Your crimson imp hits the gnoll.
Your crimson imp barely misses the gnoll.
You swap places.
Your crimson imp blinks!
The gnoll hits your bat with a +0 flail!
Your bat dies!
Your bat's corpse disappears in a puff of smoke!
You swap places.
The gnoll misses your crimson imp.
Your crimson imp hits the gnoll.
The gnoll hits your crimson imp with a +0 flail!
Your crimson imp hits the gnoll.
The gnoll hits your crimson imp with a +0 flail.
Your crimson imp dies!
Your crimson imp disappears in a puff of smoke!
The gnoll shouts!
You scratch the gnoll but do no damage.
The gnoll is almost dead.
The gnoll hits you with a +0 flail!
Ouch! That really hurt!
You are too injured to fight recklessly!
You scratch the gnoll but do no damage.
The gnoll is almost dead.
The gnoll closely misses you.
You scratch the gnoll.
The gnoll is almost dead.
The gnoll hits you with a +0 flail!
Ouch! That really hurt!
You die...

###########
######.........#
...............#
#####..<......#
#)....g@...#
##.##########
#..# ###5##
###ยง.)#
#..##...###
>..#.### #
....####
..#......####.


You could see a gnoll.

Vanquished Creatures
  A ball python (D:1)
  A hobgoblin (D:1)
  A kobold (D:1)
  3 quokkas (D:1)
  3 bats (D:1)
  A frilled lizard (D:1)
10 creatures vanquished.

Vanquished Creatures (collateral kills)
  2 gnolls (D:2)
  2 bats (D:1)
  4 endoplasms (D:1)
  4 kobolds (D:1)
  5 ball pythons
  A frilled lizard (D:1)
  2 goblins
20 creatures vanquished.

Grand Total: 30 creatures vanquished

Notes
Turn   | Place    | Note
-------+----------+-------------------------------------------
     0 | D:1      | croobank the Felid Summoner began the quest for the Orb.
     0 | D:1      | Reached XP level 1. HP: 7/7 MP: 4/4
   216 | D:1      | Reached XP level 2. HP: 11/11 MP: 4/6
   226 | D:1      | Learned a level 2 spell: Call Imp
  1004 | D:1      | Reached XP level 3. HP: 15/15 MP: 7/7
  1230 | D:2      | Reached skill level 1 in Fighting
  1251 | D:2      | Slain by a gnoll

Illustrated notes

Levels and vault maps discovered:
D:1:      dpeg_arrival_windows_large_door, layout_basic
D:2:      layout_rooms, dreamdust_ecumenical_altar_sealed_demon

Skill      XL: |  1  2  3 |
---------------+----------+-----
Stealth        | 3 |  3.0
Dodging        | 3 |  3.4
Fighting       | 1 |  1.0
Unarmed Combat | |  0.9
Spellcasting   | |  2.4
Summonings     | |  4.3

Action                   || total
-------------------------++-------
Melee: Unarmed           ||    35
       Bite              ||     1
       Punch             ||     1
 Cast: Summon Small Mamm ||    41
       Call Imp          ||     3
 Stab: Sleeping          ||     2
Armor: Skin              ||    14
Dodge: Dodged            ||    49
